 Dungeon Crawl Stone Soup version 0.27.1-33-g824d729ab1 (webtiles) character file.

Game seed: 8357469558480688782

58 KamiKatze the Magician (level 4, -2/32 HPs)
             Began as a Djinni Conjurer on Dec 20, 2021.
             Slain by a phantom (7 damage)
             ... on level 3 of the Dungeon.
             The game lasted 00:11:00 (2096 turns).

KamiKatze the Magician (Djinni Conjurer)            Turns: 2096, Time: 00:11:01

Health: -2/32      AC:  3    Str:  6    XL:     4   Next: 20%
Gold:   75         EV: 12    Int: 20    God:
                   SH:  5    Dex: 12

rFire    + + .     SeeInvis .   d - +1 short sword
rCold    x . .     Faith    .   (no shield)
rNeg     . . .     Spirit   .   a - +1 robe
rPois    ∞         Reflect  +   (no helmet)
rElec    .         Harm     .   (no cloak)
rCorr    .         Rampage  .   (no gloves)
Will     .....                  (boots unavailable)
Stlth    ++........             j - amulet of reflection
HPRegen  0.10/turn              (no ring)
MPRegen  0.00/turn              (no ring)

@: flying
A: sickness immunity, fire resistance 2, cold vulnerability 1, float, innate
caster, hp casting, extra vitality 1
a: no special abilities


You were on level 3 of the Dungeon.
You visited 1 branch of the dungeon, and saw 3 of its levels.

You collected 75 gold pieces.

Inventory:

Hand Weapons
 d - a +1 short sword (weapon)
Missiles
 n - 17 poisoned darts (quivered)
Armour
 a - a +1 robe (worn)
 g - a +0 leather armour
Magical Staves
 h - a staff of fire
Jewellery
 j - an amulet of reflection (around neck)
Scrolls
 i - a scroll of teleportation {unknown}
 k - a scroll of acquirement {unknown}
 l - a scroll of torment {unknown}
Potions
 c - a potion of ambrosia {unknown}
 f - 2 potions of degeneration {unknown}
 m - 2 potions of mutation {unknown}
 o - a potion of curing {unknown}


   Skills:
 + Level 1.4 Fighting
 + Level 2.8 Dodging
 + Level 2.1 Stealth
 * Level 3.7 Spellcasting


You couldn't memorise any spells.
You knew the following spells:

 Your Spells              Type           Power      Damage    Failure   Level
a - Magic Dart            Conj           72%        1d6       3%          1
b - Searing Ray           Conj           36%        3d4       4%          2
c - Dazzling Flash        Conj/Hex       36%        N/A       9%          3
d - Fulminant Prism       Conj/Hex       9%         3d7       28%         4
e - Iskenderun's Mystic   Conj/Tloc      18%        2d6       28%         4
f - Sting                 Tmut/Pois      72%        1d6       3%          1
Your spell library was empty.

Dungeon Overview and Level Annotations

Branches:
Dungeon (3/15)

Altars:


Innate Abilities, Weirdness & Mutations

You are immune to sickness and miasma.
You are immune to poison.
Your flesh is very heat resistant. (rF++)
You are vulnerable to cold. (rC-)
You float through the air rather than walking.
You learn spells naturally, not from books.
Your magical power is your life essence.
You have superior vitality. (+4 HP)


Message History

The phantom is moderately damaged. (Press . to maintain the ray.)
The phantom hits you.
The phantom blinks!
You blink.
The phantom closely misses you. The phantom hits you!
The phantom blinks!
You blink.
There is an escape hatch in the ceiling here.
The phantom hits you.
The phantom blinks!
You blink.
You stop ascending the stairs.
The phantom hits you!
* * * LOW HITPOINT WARNING * * *
The phantom blinks!
You blink.
The phantom closely misses you.
As you read the scroll labelled PIODDI MUDYE, it crumbles to dust.
It is a scroll of enchant armour.
Your +0 robe glows green for a moment.
As you read the scroll labelled EZYTOZ ANTE, it crumbles to dust.
It is a scroll of enchant weapon.
Your +0 short sword glows red for a moment.
You block the phantom's attack.
You hit the phantom but do no damage.
The phantom is lightly damaged.
The phantom hits you.
* * * LOW HITPOINT WARNING * * *
The phantom blinks!
You blink.
Unknown command.
Casting: Searing Ray (safe; 4% risk of failure)
Confirm with . or Enter, or press ? or * to list all spells.
Aiming: Searing Ray (safe; 4% risk of failure)
Press: ? - help, Shift-Dir - straight line, f/p - phantom
Aim: a phantom (69% to hit)
The searing ray hits the phantom.
The phantom is lightly damaged. (Press . to maintain the ray.)
* * * LOW HITPOINT WARNING * * *
The phantom barely misses you.
The searing ray hits the phantom!
The phantom is moderately damaged.
* * * LOW HITPOINT WARNING * * *
The phantom hits you!
You die...

....>..................#.........
........#########....###..#######
###.#†#)#........................
# #.#.#.#######....#.#..##.#.##
#.#.#<.........#.#.#..##.#...
..#.#.#.#.######.#.#.#.#..##.#.##
#.........# #.#...........§...
......#.########.#.##.##..##§#...
###.###.........@#.....#.†.#.####
.. ##########W#######...#..... ##
#.# #.#.###### #.# #.#.# #
#######.#######.#.# #
..........§.....#.# ## #
#######.#########.# .# # #.#
#.##.# # ##.#########....# #


You could see a phantom.

Vanquished Creatures
  An adder (D:2)
  2 ball pythons (D:1)
  8 bats
  5 endoplasms
  2 giant cockroaches (D:1)
  6 goblins
  5 hobgoblins
  2 jackals (D:1)
  2 quokkas (D:1)
  5 frilled lizards
  3 kobolds (D:1)
  4 rats
45 creatures vanquished.

Notes
Turn   | Place    | Note
-------+----------+-------------------------------------------
     0 | D:1      | KamiKatze the Djinni Conjurer began the quest for the Orb.
     0 | D:1      | Reached XP level 1. HP: 15/15 MP: 0/0
   269 | D:1      | Reached XP level 2. HP: 21/22 MP: 0/0
   637 | D:1      | Reached skill level 1 in Fighting
   664 | D:1      | Found a faded altar of an unknown god.
   666 | D:1      | Reached XP level 3. HP: 24/27 MP: 0/0
   666 | D:1      | Learned a level 1 spell: Sting
  1515 | D:2      | Reached XP level 4. HP: 30/32 MP: 0/0
  2052 | D:3      | Noticed a phantom
  2096 | D:3      | Slain by a phantom

Illustrated notes

Levels and vault maps discovered:
D:1:      minmay_arrival_four_loops, layout_basic,
          hellmonk_ecumenical_altar_prayer_group
D:2:      layout_basic
D:3:      minmay_skewed_foursquare, layout_basic

Skill      XL: |  1  2  3 |
---------------+----------+-----
Fighting       | 1 |  1.4
Stealth        | 2 |  2.1
Dodging        | |  2.8
Spellcasting   | |  3.7

Action                   |  1- 3 |  4- 6 || total
-------------------------+-------+-------++-------
Melee: Short sword       |    12 |     1 ||    13
 Cast: Magic Dart        |    48 |     8 ||    56
       Searing Ray       |     4 |     4 ||     8
  Use: Scroll            |       |     2 ||     2
 Stab: Sleeping          |     1 |       ||     1
Armor: Robe              |     2 |       ||     2
Dodge: Dodged            |     8 |     3 ||    11
Block: Other             |       |     1 ||     1
